 Dungeon Crawl Stone Soup version 0.31-a0-217-g58bb5d79cf (webtiles) character file.

Game seed: 15541404170168382884

5569 qw the Skirmisher (level 10, -5/65 HPs)
             Began as a Gargoyle Hexslinger on July 2, 2023.
             Was a Priest of Okawaru.
             Slain by a boulder beetle (7 damage)
             ... on level 8 of the Dungeon.
             The game lasted 00:03:50 (7990 turns).

qw the Skirmisher (Gargoyle Hexslinger)             Turns: 7990, Time: 00:03:50

Health: -5/65      AC: 21    Str: 12    XL:     10   Next: 72%
Magic:  13/14      EV: 14    Int: 12    God:    Okawaru [***...]
Gold:   184        SH:  0    Dex: 16    Spells: 10/11 levels left

rFire   + . .        Y - +2 orcbow (freeze)
rCold   . . .        (shield currently unavailable)
rNeg    + . .        m - +1 swamp dragon scales
rPois   inf          (helmet restricted)
rElec   +            g - +0 cloak
rCorr   .            i - +1 pair of gloves
SInv    .            (no boots)
Will    +....        (no amulet)
Stlth   ++           b - ring of willpower
HPRegen 0.30/turn    j - ring of protection from fire
MPRegen 0.14/turn

%: no passive effects
@: heroic
A: sickness immunity, AC +7, negative energy resistance 1, electricity
resistance, torment resistance 1, petrification resistance, antennae 1, dopey 1,
high MP 1, wild magic 1
a: Renounce Religion, Heroism


You were on level 8 of the Dungeon.
You worshipped Okawaru.
Okawaru was most pleased with you.
You visited 1 branch of the dungeon, and saw 8 of its levels.
You also visited: Sewer and Ossuary.

You collected 421 gold pieces.
You spent 237 gold pieces at shops.


Innate Abilities, Weirdness & Mutations

You are immune to sickness and miasma.
Your stone body is resilient. (AC +7)
You are immune to poison.
You resist negative energy. (rN+)
You are resistant to electric shocks. (rElec)
You are resistant to unholy torment.
You are immune to petrification.
You have a pair of small antennae on your head.
You are dopey. (Int -2)
You have an increased reservoir of magic. (+10% MP)
Your spells are a little harder to cast, but a little more powerful.


   Skills:
 - Level 8.8(13.8) Fighting
 + Level 11.8(16.8) Ranged Weapons
 - Level 4.0(9.0) Armour
 - Level 3.1(8.1) Dodging
 - Level 1.0 Spellcasting
 - Level 2.6 Hexes
 - Level 4.5 Invocations


You had 10 spell levels left.
You knew the following spells:

 Your Spells              Type           Power      Damage    Failure   Level
a - Slow                  Hex            36%        N/A       26%         1

Your spell library contained the following spells:

 Spells                   Type           Power      Damage    Failure   Level
 Inner Flame              Hex/Fire       4%         N/A       77%         3
 Portal Projectile        Hex/Tloc       8%         N/A       77%         3
 Cause Fear               Hex            4%         N/A       92%         4

Inventory:

Hand Weapons
 Y - a +2 orcbow of freezing (weapon)
Armour
 g - a +0 cloak (worn)
 i - a +1 pair of gloves (worn)
 m - +1 swamp dragon scales (worn)
Jewellery
 b - a ring of willpower (left hand)
 d - a +4 ring of protection
 j - a ring of protection from fire (right hand)
Scrolls
 c - a scroll of identify
Potions
 a - a potion of lignification {unknown}
 e - a potion of enlightenment
 k - 2 potions of might
 l - 3 potions of haste
 n - a potion of magic
 p - 2 potions of curing
 r - 3 potions of mutation

Dungeon Overview and Level Annotations

Branches:
Dungeon (8/15)             Temple (0/1) D:7           Sewer (visited)
Ossuary (visited)
   Lair: D:8-11

Altars:
Ashenzari
Cheibriados
Elyvilon
Fedhas
Gozag
Hepliaklqana
Makhleb
Nemelex Xobeh
Okawaru
Qazlal
Uskayaw
Yredelemnul
Zin

Shops:
D:6 [!(!(   D:7 [

Annotations:
D:7 2 transporters, qw's ghost, novice GrFi


Message History

You shoot an arrow. The arrow hits the boulder beetle.
The arrow freezes the boulder beetle.
The boulder beetle is heavily wounded.
The boulder beetle bites you!
You shoot an arrow.
The arrow hits the boulder beetle but does no damage.
The boulder beetle is heavily wounded.
The boulder beetle bites you.
You shoot an arrow.
The arrow hits the boulder beetle but does no damage.
The boulder beetle is heavily wounded.
The boulder beetle completely misses you.
You shoot an arrow. The arrow hits the boulder beetle!!
The arrow freezes the boulder beetle.
The boulder beetle is severely wounded.
You shoot an arrow.
The arrow hits the boulder beetle but does no damage.
The boulder beetle is severely wounded.
The boulder beetle bites you!
You shoot an arrow.
The arrow hits the boulder beetle but does no damage.
The boulder beetle is severely wounded.
The boulder beetle barely misses you.
You shoot an arrow.
The arrow hits the boulder beetle but does no damage.
The boulder beetle is severely wounded.
The boulder beetle misses you.
You shoot an arrow. The arrow hits the boulder beetle.
The arrow freezes the boulder beetle.
The boulder beetle is severely wounded.
The yak misses you. The boulder beetle barely misses you.
You shoot an arrow. The arrow hits the boulder beetle!
The arrow freezes the boulder beetle.
The boulder beetle is almost dead.
The yak gores you.
You shoot an arrow.
The arrow hits the boulder beetle but does no damage.
The boulder beetle is almost dead.
The boulder beetle bites you!
You die...

##.### ..>.# ### ## # #.#.. ##.#
..## #.#.#.. ##..# }..#. #.#...#
##...#...##.###..<.##
##..#.#..##...........
##...#.B.##.#.......... ..
#..}.#@Y##..#..........
##.####...#!##..##........).
#.....###.)###..##...........
#.......###.)...## .#.....)...
#....../..####.###..##.........
#...........#.....#.......#)###.
##.}.._._..}.#.###[#.........))..
.......}....Dc##{ .#.###.#.#..)..
#.}.._._..}.## #/###...#.#.).


You could see a boulder beetle and a yak.

Vanquished Creatures
  A centaur warrior (D:8)
  A two-headed ogre (D:8)
  Joseph (D:7)
  Maggie (D:7)
  A tengu conjurer (D:8)
  A vampire (D:8)
  2 steam dragons
  2 orc warriors
  2 sky beasts (D:7)
  An ogre (D:4)
  2 black bears (D:5)
  3 centaurs
  A phantom (D:7)
  2 kobold brigands (D:7)
  5 elf zombies (Ossuary)
  4 scorpions
  4 wights (D:8)
  4 killer bees (D:7)
  A howler monkey (D:7)
  2 centaur zombies (Ossuary)
  6 hounds
  6 orc priests
  2 jellies
  A human zombie (Ossuary)
  A sleepcap (D:8)
  Natasha (twice) (D:2 D:1)
  An iguana (D:7)
  5 orc wizards
  2 hound zombies (Ossuary)
  3 mummies (Ossuary)
  A gnoll (D:1)
  6 adders
  A river rat (D:4)
  A shadow imp (D:7)
  2 white imps
  4 adder zombies (Ossuary)
  3 worms
  21 orcs
  7 bats
  7 endoplasms
  4 giant cockroaches
  3 gnoll zombies (Ossuary)
  11 goblins
  8 hobgoblins
  10 jackals
  4 quokkas
  12 ball pythons
  4 frilled lizards
  2 goblin zombies (Ossuary)
  5 hobgoblin zombies (Ossuary)
  19 kobolds
  4 kobold zombies (Ossuary)
  3 orc zombies (Ossuary)
  A quokka zombie (Ossuary)
  6 rats
  2 rat zombies (Ossuary)
221 creatures vanquished.

Notes
Turn   | Place    | Note
-------+----------+-------------------------------------------
     0 | D:1      | qw the Gargoyle Hexslinger began the quest for the Orb.
     0 | D:1      | Reached XP level 1. HP: 12/12 MP: 2/2
     0 | D:1      | 0 ||| qw: Version: 0.3-a-40-ge99b1a8
     0 | D:1      | 0 ||| qw: Game counter: 7980
     0 | D:1      | 0 ||| qw: Melee chars always use a shield: true
     0 | D:1      | 0 ||| qw: God list: Okawaru
     0 | D:1      | 0 ||| qw: Allow faded altars: false
     0 | D:1      | 0 ||| qw: Do Orc after clearing Dungeon:15 true
     0 | D:1      | 0 ||| qw: Do second Lair branch before Depths: true
     0 | D:1      | 0 ||| qw: Lair rune preference: random
     0 | D:1      | 0 ||| qw: Goals: Normal
     0 | D:1      | 0 ||| PLANNING D:1-11
    91 | D:1      | Reached XP level 2. HP: 8/16 MP: 3/3
   308 | D:1      | Reached skill level 3 in Ranged Weapons
   420 | D:1      | Reached XP level 3. HP: 20/21 MP: 4/4
   724 | D:1      | 724 ||| UPGRADING to +0 ring mail.
   734 | D:1      | 734 ||| DROPPING +0 robe.
   735 | D:1      | 735 ||| UPGRADING to +0 cloak.
   744 | D:1      | 744 ||| DROPPING scroll of poison.
   881 | D:2      | Reached skill level 1 in Armour
  1100 | D:2      | Reached XP level 4. HP: 26/26 MP: 5/5
  1101 | D:2      | Noticed Natasha
  1106 | D:2      | Killed Natasha
  1111 | D:2      | Noticed Natasha
  1112 | D:2      | 1112 ||| FLEEEEING.
  1113 | D:2      | 1113 ||| FLEEEEING.
  1118 | D:2      | 1118 ||| STAIRDANCE
  1125 | D:1      | Killed Natasha
  1126 | D:1      | Reached skill level 4 in Ranged Weapons
  1172 | D:1      | 1172 ||| UPGRADING to ring of willpower.
  1173 | D:1      | 1173 ||| READING 3 scrolls labelled NIAWASK WAQECK.
  1180 | D:1      | 1180 ||| DRINKING 2 lumpy golden potions.
  1181 | D:1      | 1181 ||| DRINKING 2 ruby potions.
  1188 | D:1      | 1188 ||| DRINKING 2 yellow potions.
  1190 | D:1      | 1190 ||| DRINKING 2 pink potions.
  1191 | D:1      | 1191 ||| DRINKING potion of curing.
  1191 | D:1      | 1191 ||| (to cure confusion)
  1196 | D:1      | 1196 ||| DROPPING potion of ambrosia.
  1528 | D:2      | Reached XP level 5. HP: 18/30 MP: 6/6
  1603 | D:2      | Found an opulent altar of Gozag.
  1743 | D:2      | 1743 ||| UPGRADING to +0 pair of gloves.
  1748 | D:2      | 1748 ||| READING scroll labelled KUSENW OMUFYJE.
  1784 | D:3      | Found a stormy altar of Qazlal.
  2094 | D:3      | Found a snail-covered altar of Cheibriados.
  2094 | D:3      | Found a hazy altar of Hepliaklqana.
  2101 | D:3      | Found a basalt altar of Yredelemnul.
  2103 | D:3      | Found a faded altar of an unknown god.
  2105 | D:3      | Found an opulent altar of Gozag.
  2425 | D:3      | Found a faded altar of an unknown god.
  2611 | D:3      | 2611 ||| UPGRADING to ring of protection from fire.
  2612 | D:3      | 2612 ||| READING scroll labelled EQUMMO WOZI.
  2613 | D:3      | 2613 ||| READING scroll labelled WIUHOK BIVOWKA.
  2614 | D:3      | 2614 ||| READING scroll labelled DIXOYL JA EKKA.
  2615 | D:3      | 2615 ||| READING scroll labelled LAOTWUI CARAS.
  2616 | D:3      | 2616 ||| READING scroll labelled SEEGUSM DEUCO.
  2645 | D:4      | 2645 ||| PLANNING SEWER
  3019 | D:4      | 3019 ||| Stepping ~*~*~tactically~*~*~ (water).
  3075 | D:4      | Reached skill level 5 in Ranged Weapons
  3093 | D:4      | Found a glowing drain.
  3094 | D:4      | 3094 ||| UPGRADING to +1 pair of gloves.
  3104 | D:4      | 3104 ||| DROPPING +0 pair of gloves.
  3105 | D:4      | 3105 ||| READING scroll labelled DIJANT NAITOH.
  3106 | D:4      | 3106 ||| READING scroll labelled XUYFUSCH PAINWIVU.
  3110 | Sewer    | Entered a sewer
  3248 | Sewer    | 3248 ||| Stepping ~*~*~tactically~*~*~ (outnumbered).
  3437 | Sewer    | 3437 ||| READING scroll labelled XEMIPE SUPTE.
  3438 | Sewer    | 3438 ||| READING scroll labelled TOZOMPE QEITT.
  3439 | Sewer    | 3439 ||| DRINKING 2 amethyst potions.
  3440 | Sewer    | 3440 ||| DRINKING 2 red potions.
  3440 | Sewer    | Gained mutation: You are dopey. (Int -2) [potion of
                  | mutation]
  3440 | Sewer    | Gained mutation: You have an increased reservoir of magic.
                  | (+10% MP) [potion of mutation]
  3440 | Sewer    | Gained mutation: Your spells are a little harder to cast,
                  | but a little more powerful. [potion of mutation]
  3440 | Sewer    | Gained mutation: You have a pair of small antennae on your
                  | head. [potion of mutation]
  3456 | Sewer    | 3456 ||| READING 2 scrolls of identify.
  3456 | Sewer    | 3456 ||| IDENTIFYING inky potion
  3457 | Sewer    | 3457 ||| DROPPING potion of berserk rage.
  3472 | D:4      | 3472 ||| PLANNING D:1-11
  3630 | D:4      | Reached skill level 3 in Fighting
  3650 | D:4      | Noticed an ogre
  3654 | D:4      | Killed an ogre
  3655 | D:4      | Reached XP level 6. HP: 37/37 MP: 8/8
  3771 | D:4      | Found a sparkling altar of Nemelex Xobeh.
  3822 | D:4      | 3822 ||| DRINKING 2 brown potions.
  3823 | D:4      | 3823 ||| READING 2 scrolls of identify.
  3823 | D:4      | 3823 ||| IDENTIFYING fuming orange potion
  3824 | D:4      | 3824 ||| DROPPING potion of brilliance.
  3825 | D:4      | 3825 ||| DROPPING potion of attraction.
  3880 | D:5      | Entered Level 5 of the Dungeon
  4005 | D:5      | Reached skill level 6 in Ranged Weapons
  4085 | D:5      | Reached XP level 7. HP: 36/44 MP: 9/9
  4387 | D:5      | Found a white marble altar of Elyvilon.
  4457 | D:5      | Reached skill level 7 in Ranged Weapons
  4595 | D:5      | Found an iron altar of Okawaru.
  4596 | D:5      | 4596 ||| PLANNING OKAWARU WORSHIP
  4600 | D:5      | 4600 ||| READING 2 scrolls of identify.
  4600 | D:5      | 4600 ||| IDENTIFYING smoky white potion
  4601 | D:5      | 4601 ||| DROPPING potion of magic.
  4609 | D:5      | Became a worshipper of Warmaster Okawaru
  4610 | D:5      | 4610 ||| PLANNING D:1-11
  4720 | D:6      | Noticed a steam dragon
  4723 | D:6      | 4723 ||| STAIRDANCE
  4737 | D:5      | HP: 11/44 [steam dragon (8)]
  4738 | D:5      | 4738 ||| READING 3 scrolls of teleportation.
  4739 | D:5      | 4739 ||| DRINKING potion of heal wounds.
  4740 | D:5      | Killed a steam dragon
  4741 | D:5      | Reached XP level 8. HP: 46/48 MP: 10/10
  4793 | D:6      | Reached skill level 8 in Ranged Weapons
  4814 | D:6      | Found Qyl Cann's Antique Weapon Shoppe.
  4816 | D:6      | 4816 ||| Stepping ~*~*~tactically~*~*~ (outnumbered).
  4888 | D:6      | 4888 ||| BUYING orcbow (119 gold).
  4888 | D:6      | Bought an orcbow for 119 gold pieces
  4888 | D:6      | 4888 ||| SWAPPING to +0 orcbow.
  4889 | D:6      | 4889 ||| DROPPING +2 sling of flaming.
  4895 | D:6      | 4895 ||| READING 2 scrolls of enchant weapon.
  4895 | D:6      | 4895 ||| ENCHANTING +0 orcbow.
  4896 | D:6      | 4896 ||| READING scroll of enchant weapon.
  4896 | D:6      | 4896 ||| ENCHANTING +1 orcbow.
  4920 | D:6      | HP: 4/49 [orc priest/divine providence (9)]
  4921 | D:6      | 4921 ||| READING 2 scrolls of teleportation.
  4922 | D:6      | Reached * piety under Okawaru
  4923 | D:6      | 4923 ||| INVOKING Heroism.
  5092 | D:6      | Found Zouhimik's Distillery.
  5102 | D:6      | 5102 ||| SHOPLISTING potion of haste (140 gold, have 93).
  5102 | D:6      | 5102 ||| BUYING potion of heal wounds (70 gold).
  5102 | D:6      | Bought a potion of heal wounds for 70 gold pieces
  5102 | D:6      | 5102 ||| SHOPLISTING potion of resistance (140 gold, have
                  | 23).
  5162 | D:6      | HP: 12/49 [something (3)]
  5163 | D:6      | 5163 ||| READING scroll of teleportation.
  5165 | D:6      | Found Tossaeshygh's Antique Armour Boutique.
  5299 | D:6      | 5299 ||| SHOPLISTING runed robe (107 gold, have 23).
  5311 | D:6      | Reached skill level 9 in Ranged Weapons
  5521 | D:6      | Found Vuogoh's Distillery.
  5528 | D:6      | Reached skill level 1 in Invocations
  5534 | D:6      | 5534 ||| SHOPLISTING 2 potions of enlightenment (120 gold,
                  | have 70).
  5534 | D:6      | 5534 ||| SHOPLISTING potion of magic (96 gold, have 70).
  5534 | D:6      | 5534 ||| BUYING potion of might (48 gold).
  5534 | D:6      | Bought a potion of might for 48 gold pieces
  5534 | D:6      | 5534 ||| SHOPLISTING potion of might (48 gold, have 22).
  5681 | D:6      | Found Ceasetis's Weapon Shoppe.
  5686 | D:6      | 5686 ||| READING scroll labelled HAUROHU VECEAR.
  5714 | D:7      | 5714 ||| PLANNING OSSUARY
  5722 | D:7      | 5722 ||| Stepping ~*~*~tactically~*~*~ (outnumbered).
  5724 | D:7      | 5724 ||| Stepping ~*~*~tactically~*~*~ (outnumbered).
  5726 | D:7      | 5726 ||| Stepping ~*~*~tactically~*~*~ (outnumbered).
  5731 | D:7      | Found a sand-covered staircase.
  5749 | D:7      | 5749 ||| Stepping ~*~*~tactically~*~*~ (outnumbered).
  5751 | D:7      | 5751 ||| INVOKING Heroism.
  5757 | D:7      | HP: 8/51 [killer bee (6)]
  5758 | D:7      | Reached skill level 6 in Fighting
  5758 | D:7      | 5758 ||| READING scroll of teleportation.
  5759 | D:7      | 5759 ||| DRINKING potion of heal wounds.
  5762 | D:7      | Reached XP level 9. HP: 29/55 MP: 9/11
  5764 | D:7      | 5764 ||| INVOKING Heroism.
  5918 | D:7      | Found a flagged portal.
  5936 | D:7      | Found a staircase to the Ecumenical Temple.
  6085 | Ossuary  | Entered an ossuary
  6269 | Ossuary  | Reached skill level 10 in Ranged Weapons
  6306 | Ossuary  | Reached skill level 3 in Invocations
  6421 | Ossuary  | Reached skill level 3 in Armour
  6442 | Ossuary  | 6442 ||| READING scroll of brand weapon.
  6442 | Ossuary  | 6442 ||| BRANDING +2 orcbow.
  6492 | Ossuary  | 6492 ||| READING scroll labelled KOOVVI DYORR.
  6493 | Ossuary  | 6493 ||| DRINKING 2 white potions.
  6494 | Ossuary  | 6494 ||| DROPPING potion of degeneration.
  6505 | D:7      | 6505 ||| PLANNING D:1-11
  6536 | D:7      | Noticed Maggie
  6549 | D:7      | 6549 ||| INVOKING Heroism.
  6550 | D:7      | Killed Maggie
  6558 | D:7      | Reached ** piety under Okawaru
  6685 | D:7      | Found Toacvour's Antique Armour Emporium.
  6688 | D:7      | 6688 ||| SHOPLISTING glowing cloak (187 gold, have 116).
  6696 | D:7      | Found a transporter.
  6700 | D:7      | Noticed qw's ghost (novice GrFi)
  6707 | D:7      | Noticed a troll
  6718 | D:7      | Found a transporter.
  6834 | D:7      | 6834 ||| INVOKING Heroism.
  6969 | D:7      | Noticed Joseph
  6971 | D:7      | 6971 ||| INVOKING Heroism.
  6978 | D:7      | Killed Joseph
  7134 | D:7      | Reached XP level 10. HP: 63/63 MP: 14/14
  7185 | D:7      | Reached skill level 11 in Ranged Weapons
  7416 | D:7      | Found a blossoming altar of Fedhas.
  7467 | D:7      | 7467 ||| UPGRADING to +1 swamp dragon scales.
  7477 | D:7      | 7477 ||| DROPPING +0 ring mail.
  7529 | D:8      | 7529 ||| INVOKING Heroism.
  7569 | D:8      | 7569 ||| READING scroll of brand weapon.
  7569 | D:8      | 7569 ||| BRANDING +2 orcbow of flaming.
  7621 | D:8      | Found a hide-covered altar of Uskayaw.
  7644 | D:8      | 7644 ||| INVOKING Heroism.
  7648 | D:8      | Reached skill level 3 in Dodging
  7732 | D:8      | Found a broken altar of Ashenzari.
  7733 | D:8      | Found a hazy altar of Hepliaklqana.
  7734 | D:8      | Found a burning altar of Makhleb.
  7734 | D:8      | Found a glowing silver altar of Zin.
  7748 | D:8      | 7748 ||| INVOKING Heroism.
  7775 | D:8      | Noticed a two-headed ogre
  7780 | D:8      | Identified the +7 rapier of Nogyhur {elec, Int+3}
  7780 | D:8      | Noticed a centaur warrior
  7782 | D:8      | Killed a two-headed ogre
  7783 | D:8      | 7783 ||| INVOKING Heroism.
  7784 | D:8      | 7784 ||| Stepping ~*~*~tactically~*~*~ (outnumbered).
  7788 | D:8      | HP: 14/65 [centaur warrior/arrow (13)]
  7789 | D:8      | 7789 ||| READING scroll of teleportation.
  7790 | D:8      | 7790 ||| DRINKING potion of heal wounds.
  7794 | D:8      | Killed a centaur warrior
  7794 | D:8      | Reached *** piety under Okawaru
  7977 | D:8      | Noticed a boulder beetle
  7978 | D:8      | 7978 ||| INVOKING Heroism.
  7982 | D:8      | HP: 14/65 [boulder beetle (6)]
  7985 | D:8      | HP: 3/65 [boulder beetle (11)]
  7989 | D:8      | HP: 1/65 [yak (3)]
  7990 | D:8      | Slain by a boulder beetle

Levels and vault maps discovered:
D:1:      lightli_molten_gateway, layout_loops_ring
D:2:      layout_basic, basic_altar, minmay_misc_feat_rugged, uniq_natasha
D:3:      layout_loops_ring, mainiacjoe_overflow_alcove_1,
          chequers_temple_overflow_minitemple, dreamdust_ecumenical_altar_grove,
          minmay_shallow_snake_nest
D:4:      layout_basic, kennysheep_mini_moat, gup_sewer_entry_spiral,
          kennysheep_pointless_box
D:5:      layout_loops_ring, elyvilon_altar_4, mainiacjoe_overflow_tiny_flanked
D:6:      layout_rooms, serial_shops, shop, shop, kennysheep_little_box, shop,
          nicolae_shop_temple_entry_statues_fountains, grunt_ministairs_11
D:7:      layout_basic, marbit_many_paths, temple_fountains,
          lightli_ossuary_entry_decrepit_ruins, gammafunk_ghost_arena,
          serial_shops, nicolae_shop_real_fake_doors, enter_bailey_5,
          uniq_joseph, uniq_maggie
D:8:      minmay_the_grid_octo_tiled_squarecenter [minmay_the_grid_octo_77,
          minmay_the_grid_octo_empty, minmay_the_grid_octo_checkered,
          minmay_the_grid_octo_shrine,
          minmay_the_grid_square_5x5_megaprize_open,
          minmay_the_grid_square_5x5_minimal,
          minmay_the_grid_square_5x5_detours,
          minmay_the_grid_square_5x5_longway,
          minmay_the_grid_square_5x5_checkered_sparse], layout_rooms,
          eat_drink_and_be_merry_uskayaw, grunt_decor_cap, uniq_grum

Skill      XL: |  1  2  3  4  5  6  7  8  9 10 |
---------------+-------------------------------+-----
Ranged Weapons | 3 4 5 6 7 9 10 11 | 11.8
Fighting       | 2 3 4 6 7 8 |  8.8
Armour         | 1 2 3 4 |  4.0
Dodging        | 2 3 |  3.1
Invocations    | 1 4 |  4.5
Spellcasting   | |  1.0
Hexes          | |  2.6

Action                     |  1- 3 |  4- 6 |  7- 9 | 10-12 || total
---------------------------+-------+-------+-------+-------++-------
   Fire: Sling             |   139 |   285 |    66 |       ||   490
         Orcbow            |       |       |   376 |   122 ||   498
 Invoke: Heroism           |       |       |     6 |     5 ||    11
    Use: Potion            |       |     8 |     3 |     1 ||    12
         Scroll            |       |    13 |    10 |     2 ||    25
 Armour: Robe              |     7 |       |       |       ||     7
         Ring mail         |    62 |   110 |   190 |     5 ||   367
         Swamp dragon scal |       |       |       |    34 ||    34
  Dodge: Dodged            |    80 |   116 |   182 |    37 ||   415

Table legend:
 A = Non-vault XP
 B = Vault XP
 C = Vault XP percentage of total XP
 D = Non-vault monster count
 E = Vault monster count
 F = Vault count percentage of total count
                 A         B        C        D         E       F
            +---------+---------+-------+---------+---------+-------
      Total |    3504 |    4452 |  56.0 |     134 |      87 |  39.4
            +---------+---------+-------+---------+---------+-------
        D:1 |      75 |       0 |   0.0 |      18 |       0 |   0.0
        D:2 |      56 |      37 |  39.8 |      25 |       1 |   3.8
        D:3 |      22 |      16 |  42.1 |      10 |       3 |  23.1
        D:4 |     164 |      36 |  18.0 |      13 |       6 |  31.6
        D:5 |     652 |     183 |  21.9 |      11 |       1 |   8.3
        D:6 |     795 |       0 |   0.0 |      25 |       0 |   0.0
        D:7 |    1018 |     968 |  48.7 |      16 |       7 |  30.4
        D:8 |     722 |    2419 |  77.0 |      16 |       6 |  27.3
      Sewer |       0 |      35 | 100.0 |       0 |      26 | 100.0
    Ossuary |       0 |     758 | 100.0 |       0 |      37 | 100.0
            +---------+---------+-------+---------+---------+-------
